 Dungeon Crawl Stone Soup version 0.23.1 (webtiles) character file.

Game seed: 16751702679856389952

22 tdavidsm the Vexing (level 2, -3/23 HPs)
             Began as a Gnoll Arcane Marksman on Mar 15, 2019.
             Slain by Sigmund
             ... wielding a +0 scythe
              (6 damage)
             ... on level 2 of the Dungeon.
             The game lasted 00:08:27 (1090 turns).

tdavidsm the Vexing (Gnoll Arcane Marksman)         Turns: 1090, Time: 00:08:28

Health: -3/23      AC:  2    Str: 12    XL:     2   Next: 91%
Magic:  5/5        EV: 14    Int: 15    God:
Gold:   31         SH:  0    Dex: 15    Spells: 5/6 levels left

rFire    . . .     SeeInvis .   k - +3 whip
rCold    . . .     Gourm    .   (no shield)
rNeg     . . .     Faith    .   e - +0 robe
rPois    .         Spirit   .   (no helmet)
rElec    .         Reflect  .   c - scarf {repulsion}
rCorr    .         Harm     .   (no gloves)
MR       .....                  (no boots)
Stlth    +.........             (no amulet)
HPRegen  0.07/turn              (no ring)
MPRegen  0.09/turn              (no ring)

@: confused, repel missiles
A: distributed training, fangs 1, strong nose
a: no special abilities


You were on level 2 of the Dungeon.
You were not hungry.

You visited 1 branch of the dungeon, and saw 2 of its levels.

You collected 31 gold pieces.

Inventory:

Hand Weapons
 a - a +0 shortbow
 h - a +0 short sword
 i - a cursed -1 spear
 k - a +3 whip (weapon)
 m - a +0 hunting sling
Missiles
 d - 20 arrows
 o - 2 stones (quivered)
Armour
 c - a scarf of repulsion (worn)
 e - a +0 robe (worn)
Scrolls
 b - 3 scrolls of identify
 j - a scroll of fog {unknown}
 p - a scroll of blinking {unknown}
 r - a scroll of noise {unknown}
Potions
 l - a potion of ambrosia {unknown}
 n - a potion of lignification {unknown}
Comestibles
 f - a ration
 q - 7 chunks of flesh


   Skills:
 + Level 2.5 Fighting
 + Level 0.5 Short Blades
 + Level 0.5 Long Blades
 + Level 0.5 Axes
 + Level 0.5 Maces & Flails
 + Level 0.5 Polearms
 + Level 0.5 Staves
 + Level 0.5 Slings
 + Level 4.5 Bows
 + Level 0.5 Crossbows
 + Level 0.5 Throwing
 + Level 0.5 Armour
 + Level 4.5 Dodging
 + Level 0.5 Stealth
 + Level 0.5 Shields
 + Level 0.5 Unarmed Combat
 + Level 2.7 Spellcasting
 + Level 0.4 Conjurations
 + Level 5.4 Hexes
 + Level 0.4 Charms
 + Level 0.4 Summonings
 + Level 0.4 Necromancy
 + Level 0.4 Translocations
 + Level 0.4 Transmutations
 + Level 0.4 Fire Magic
 + Level 0.4 Ice Magic
 + Level 0.4 Air Magic
 + Level 0.4 Earth Magic
 + Level 0.4 Poison Magic
 + Level 0.7 Invocations
 + Level 0.5 Evocations


You had 5 spell levels left.
You knew the following spells:

 Your Spells              Type           Power        Failure   Level  Hunger
a - Corona                Hex            ###....      2%          1    #......

Your spell library contained the following spells:

 Spells                   Type           Power        Failure   Level  Hunger
 Slow                     Hex            ###.....     3%          2    ##.....
 Inner Flame              Hex/Fire       ##......     19%         3    ###....
 Portal Projectile        Hex/Tloc       ##....       19%         3    ###....
 Cause Fear               Hex            ###.......   22%         4    #####..
 Leda's Liquefaction      Hex/Erth       ##........   52%         4    #####..


Dungeon Overview and Level Annotations

Branches:
Dungeon (2/15)

Altars:

Annotations:
D:2 Sigmund


Innate Abilities, Weirdness & Mutations

Your experience applies equally to all skills.
You have very sharp teeth.
Your uncanny sense of smell can sniff out nearby items.


Message History

Things that are here:
an arrow; a bat corpse Something hits you but does no damage.
You miss something.
You hear some strange, mumbled words.
Something tries to affect you, but you resist.
You hit something. Something hits you!
You closely miss something. You bite something. You barely miss something.
You bite something. Something hits you!
* * * LOW HITPOINT WARNING * * *
It was a potion of curing.
You feel better. Something hits you.
You hit something. You closely miss something. You bite something.
You hear some strange, mumbled words.
You are confused.
Something hits you.
* * * LOW HITPOINT WARNING * * *
You bump into the rock wall.
Something hits you.
You die...

#..... . #...[∆ #.
#((.. #(.#.(..
#((#...# #..(...#
#.#.).{# .... . ..
#...>..#######..# ...
##....(@........##..#
#(....(.####>...[#.#
###(..#..#
#...#...###.
#...##.###.#.#.......
#...##...#.#.#.......
#....#.........^.....
##..#.#..........####.
#...<÷........#.......
#....#......÷.........


There were no monsters in sight!

Vanquished Creatures
  A dart slug (D:1)
  A ball python (D:1)
  A bat (D:2)
  A goblin (D:2)
  3 hobgoblins
  3 jackals (D:1)
  A frilled lizard (D:1)
  4 kobolds
  4 rats
19 creatures vanquished.

Notes
Turn   | Place    | Note
-------+----------+-------------------------------------------
     0 | D:1      | tdavidsm the Gnoll Arcane Marksman began the quest for the
                  | Orb.
     0 | D:1      | Reached XP level 1. HP: 17/17 MP: 4/4
   513 | D:1      | Reached XP level 2. HP: 15/23 MP: 5/5
  1074 | D:2      | Noticed Sigmund
  1090 | D:2      | Slain by Sigmund

Action                   || total
-------------------------++-------
Melee: Whip              ||    18
       Bite              ||     3
 Fire: Shortbow          ||    25
  Use: Scroll            ||     1
       Potion            ||     1
 Stab: Sleeping          ||     1
Armor: Robe              ||     2
Dodge: Dodged            ||     9
